 Dungeon Crawl Stone Soup version 0.28-a0-429-g1448048969 (webtiles) character file.

Game seed: 11269980993880157495

142 siradein the Conjurer (level 5, -2/28 HPs)
             Began as a Deep Elf Conjurer on Sept 10, 2021.
             Slain by a scorpion (7 damage)
             ... on level 4 of the Dungeon.
             The game lasted 00:03:39 (3337 turns).

siradein the Conjurer (Deep Elf Conjurer)           Turns: 3337, Time: 00:03:40

Health: -2/28      AC:  2    Str:  4    XL:     5   Next: 3%
Magic:  3/14       EV: 12    Int: 24    God:
Gold:   110        SH:  0    Dex: 13    Spells: 11/14 levels left

rFire   . . .      SeeInvis .   (no weapon)
rCold   . . .      Faith    .   (no shield)
rNeg    . . .      Spirit   .   a - +0 robe
rPois   .          Reflect  .   (no helmet)
rElec   .          Harm     .   (no cloak)
rCorr   .          Rampage  .   (no gloves)
Will    .....                   (no boots)
Stlth   ++........              (no amulet)
HPRegen 0.09/turn               (no ring)
MPRegen 0.14/turn               (no ring)

@: no status effects
A: no striking features
a: no special abilities


You were on level 4 of the Dungeon.
You visited 1 branch of the dungeon, and saw 4 of its levels.

You collected 132 gold pieces.
You spent 22 gold pieces at shops.

Inventory:

Armour
 a - a +0 robe (worn)
Scrolls
 b - a scroll of enchant weapon
 d - a scroll of amnesia
 e - a scroll of summoning
 f - a scroll of noise {unknown}
 j - a scroll of brand weapon {unknown}
Potions
 c - a potion of heal wounds {unknown}
 g - 2 potions of curing {unknown}
 h - a potion of brilliance {unknown}
 i - a potion of lignification {unknown}


   Skills:
 - Level 2.4 Dodging
 - Level 2.4 Stealth
 + Level 5.4 Spellcasting
 + Level 5.8 Conjurations


You had 11 spell levels left.
You knew the following spells:

 Your Spells              Type           Power      Damage    Failure   Level
a - Magic Dart            Conj           100%       1d8       1%          1
b - Searing Ray           Conj           68%        2d6       1%          2

Your spell library contained the following spells:

 Spells                   Type           Power      Damage    Failure   Level
 Dazzling Flash           Conj/Hex       40%        N/A       8%          3
 Fulminant Prism          Conj/Hex       10%        3d9       26%         4
 Iskenderun's Mystic Bla  Conj/Tloc      20%        2d6       26%         4
 Summon Forest            Summ/Tloc      3%         N/A       93%         5
 Eringya's Noxious Bog    Tmut/Pois      3%         N/A       100%        6
 Summon Hydra             Summ           3%         N/A       100%        7


Dungeon Overview and Level Annotations

Branches:
Dungeon (4/15)
 Temple: D:4-7

Altars:

Shops:
D:1 :   D:2 ?

Annotations:
D:4 Eustachio


Message History

Eustachio is moderately wounded.
The searing ray hits Eustachio.
Eustachio is moderately wounded.
The searing ray hits the scorpion.
The scorpion is lightly wounded.
The adder hisses angrily.
Eustachio hits you with a +0 falchion!
The searing ray hits Eustachio.
Eustachio is moderately wounded.
The searing ray hits the scorpion.
The scorpion is heavily wounded.
You finish channelling your searing ray.
Eustachio hits you but does no damage.
Casting: Searing Ray (safe; 1% risk of failure)
Confirm with . or Enter, or press ? or * to list all spells.
Aiming: Searing Ray (safe; 1% risk of failure)
Press: ? - help, Shift-Dir - straight line, f/p - Eustachio
Aim: Eustachio, wielding a +0 falchion and wearing a +0 leather armour (moderately wounded, 73% to hit)
The searing ray hits Eustachio!
Eustachio is heavily wounded.
The searing ray hits the scorpion.
The scorpion is heavily wounded. (Press . to maintain the ray.) Eustachio gestures wildly while chanting.
The searing ray hits Eustachio.
Eustachio is severely wounded.
The giant cockroach barely misses you.
Eustachio mumbles some strange words.
The searing ray hits Eustachio.
Eustachio is severely wounded.
The scorpion closely misses you. The giant cockroach barely misses you.
Eustachio closely misses you. The adder bites you. The scorpion stings you.
The giant cockroach bites you but does no damage.
Eustachio barely misses you. The adder bites you.
* * * LOW HITPOINT WARNING * * *
The giant cockroach bites you.
* * * LOW HITPOINT WARNING * * *
The scorpion stings you!
You die...

...... .......
...... .......
......##..!....
...............
...............
.......$.......
....(..........
>......@sr.....
......SB@......
.....>.r.r.....
...............
.##............
####.........
#.........
#.........


You could see Eustachio, a scorpion, an adder, a river rat (summoned), 2 quokkas
and a giant cockroach.

Vanquished Creatures
  An orc priest (D:3)
  An iguana (D:4)
  2 adders (D:2)
  A dart slug (D:3)
  5 orcs
  6 endoplasms
  3 giant cockroaches
  3 goblins
  2 hobgoblins
  8 jackals (D:2)
  3 kobolds
  4 quokkas
  5 ball pythons
  4 bats
  5 frilled lizards
  6 rats (D:1)
59 creatures vanquished.

Notes
Turn   | Place    | Note
-------+----------+-------------------------------------------
     0 | D:1      | siradein the Deep Elf Conjurer began the quest for the Orb.
     0 | D:1      | Reached XP level 1. HP: 10/10 MP: 6/6
   369 | D:1      | Reached XP level 2. HP: 15/15 MP: 5/8
   856 | D:1      | Found Ysiz's Book Emporium.
  1191 | D:1      | Learned a level 2 spell: Searing Ray
  1220 | D:2      | Reached skill level 5 in Conjurations
  1220 | D:2      | Reached XP level 3. HP: 19/19 MP: 7/10
  1671 | D:2      | Found Gamoxyborph's Magic Scroll Shoppe.
  1800 | D:2      | Reached XP level 4. HP: 24/24 MP: 6/12
  2113 | D:2      | Bought a scroll of identify for 22 gold pieces
  2510 | D:3      | Found a faded altar of an unknown god.
  2735 | D:3      | Reached skill level 5 in Spellcasting
  3288 | D:4      | Noticed Eustachio
  3292 | D:4      | Reached XP level 5. HP: 28/28 MP: 9/14
  3337 | D:4      | Slain by a scorpion

Illustrated notes

Levels and vault maps discovered:
D:1:      pf_arrival_petrified_forest, layout_loops_corners, serial_glass,
          glass_columns_a, glass_columns_a, due_unseen_surprise, serial_shops,
          nicolae_lakefront_shop
D:2:      layout_basic, serial_shops,
          nicolae_shop_temple_entry_statues_fountains, st_stairs_5,
          serial_park_tiny_2
D:3:      layout_loops_cross, chequers_ecumenical_altar_simple_redux
D:4:      layout_rooms, led_sif_book, serial_shops, kennysheep_mini, uniq_robin,
          uniq_eustachio

Skill      XL: |  1  2  3  4 |
---------------+-------------+-----
Spellcasting   | 4 5 |  5.4
Conjurations   | 5 |  5.8
Dodging        | |  2.4
Stealth        | |  2.4

Action                   |  1- 3 |  4- 6 || total
-------------------------+-------+-------++-------
Melee: Unarmed           |     4 |     1 ||     5
 Cast: Magic Dart        |    73 |    18 ||    91
       Searing Ray       |     1 |     7 ||     8
  Use: Scroll            |       |     3 ||     3
Armor: Robe              |       |     4 ||     4
Dodge: Dodged            |     6 |    18 ||    24

Table legend: (Time is in decaauts)
 A = Elapsed time spent in this place.
 B = Non-inter-level travel time spent in this place.
 C = Inter-level travel time spent in this place.
 D = Time resting spent in this place.
 E = Time spent auto-exploring this place.
 F = Levels seen in this place.
 G = Mean time per level.
                   A        B        C        D        E       F      G
               +--------+--------+--------+--------+--------+-----+--------+
         Total |   3339 |   3221 |    118 |    506 |   2440 |   4 |  834.8 |
       Dungeon |   3339 |   3221 |    118 |    506 |   2440 |   4 |  834.8 |
               +--------+--------+--------+--------+--------+-----+--------+

Top non-repeatable levels by time:
     D:2: 1437 daAuts
     D:1: 1212 daAuts
     D:3: 673 daAuts
     D:4: 16 daAuts
